 Dungeon Crawl Stone Soup version 0.31-a0-176-g91f28db67f (webtiles) character file.

Game seed: 4891517753916205496

12569 qw the Cleaver (level 11, -3/71 HPs)
             Began as a Gargoyle Fighter on June 17, 2023.
             Was an Elder of Okawaru.
             Slain by a seven-headed hydra (4 damage)
             ... on level 2 of the Lair of Beasts.
             The game lasted 00:05:32 (8721 turns).

qw the Cleaver (Gargoyle Fighter)                   Turns: 8721, Time: 00:05:32

Health: -3/71      AC: 33    Str: 24    XL:     11   Next: 95%
Magic:  18/18      EV:  9    Int: 11    God:    Okawaru [****..]
Gold:   143        SH:  6    Dex:  9    Spells: 10/10 levels left

rFire   + . .        q - +4 flail (holy)
rCold   + . .        c - +0 buckler
rNeg    + . .        r - +0 plate armour
rPois   inf          s - +0 helmet
rElec   +            (no cloak)
rCorr   .            a - +1 pair of gloves
SInv    .            e - +0 pair of boots
Will    .....        i - amulet "Morec" {Faith Int+2} Stlth
                     v - ring "Kusoakoh" {rC+ AC+4}
HPRegen 0.31/turn    y - ring of protection from fire
MPRegen 0.16/turn

%: faith
@: heroic
A: sickness immunity, AC +8, negative energy resistance 1, electricity
resistance, torment resistance 1, petrification resistance
a: Renounce Religion, Heroism, Finesse


You were on level 2 of the Lair of Beasts.
You worshipped Okawaru.
Okawaru was greatly pleased with you.
You visited 3 branches of the dungeon, and saw 12 of its levels.

You collected 1628 gold pieces.
You spent 1485 gold pieces at shops.


Innate Abilities, Weirdness & Mutations

You are immune to sickness and miasma.
Your stone body is resilient. (AC +8)
You are immune to poison.
You resist negative energy. (rN+)
You are resistant to electric shocks. (rElec)
You are resistant to unholy torment.
You are immune to petrification.


   Skills:
 - Level 9.1(14.1) Fighting
 - Level 11.0(16.0) Axes
 - Level 2.2(7.2) Throwing
 + Level 7.9(12.9) Armour
 - Level 2.4(7.4) Dodging
 - Level 5.0(10.0) Shields
 - Level 10.0 Invocations


You had 10 spell levels left.
You didn't know any spells.
Your spell library was empty.

Inventory:

Hand Weapons
 g - a +2 war axe of chaos
 l - a +1 broad axe of draining
 q - a +4 flail of holy wrath (weapon)
 u - a +1 vampiric broad axe
 z - a +0 war axe
Missiles
 p - 2 boomerangs (quivered)
Armour
 a - a +1 pair of gloves (worn)
 c - a +0 buckler (worn)
 e - a +0 pair of boots (worn)
 r - a +0 plate armour (worn)
 s - a +0 helmet (worn)
Jewellery
 f - an amulet of the acrobat
 i - the amulet "Morec" (around neck) {Faith Int+2}
   (You bought it in a shop on level 9 of the Dungeon)

   [amulet of faith]

   It allows you to gain divine favour quickly.
   Int:       It affects your intelligence (+2).
 k - a +6 ring of dexterity
 t - a ring of fire
 v - the ring "Kusoakoh" (left hand) {rC+ AC+4}
   (You found it on level 8 of the Dungeon)

   [ring of protection]

   AC:        It affects your AC (+4).
   rC:        It protects you from cold.
 y - a ring of protection from fire (right hand)
Scrolls
 b - a scroll of identify
 h - a scroll of teleportation
Potions
 d - 5 potions of might
 j - a potion of haste
 m - 6 potions of curing
 n - a potion of lignification
 o - 2 potions of mutation
 x - a potion of resistance
 A - 2 potions of heal wounds
 B - a potion of attraction

Dungeon Overview and Level Annotations

Branches:
Dungeon (9/15)             Temple (1/1) D:4            Lair (2/5) D:9
  Snake (0/4) Lair:2
  Swamp: Lair:2-3    Shoals: Lair:2-3       Orc: D:9-12

Altars:
Ashenzari
Cheibriados
Dithmenos
Elyvilon
Fedhas
Gozag
Hepliaklqana
Kikubaaqudgha
Makhleb
Nemelex Xobeh
Okawaru
Qazlal
Ru
Sif Muna
Trog
Uskayaw
Vehumet
Wu Jian
Xom
Yredelemnul
Zin
The Shining One

Shops:
D:1 =   D:8 (   D:9 =

Annotations:
D:7 1 runed translucent door, Crazy Yiuf


Message History

The seven-headed hydra bites you!
The seven-headed hydra barely misses you.
The seven-headed hydra bites you but does no damage. x2
The seven-headed hydra bites you.
The seven-headed hydra bites you but does no damage. x2
You hit the seven-headed hydra.
The seven-headed hydra is heavily wounded.
The seven-headed hydra bites you but does no damage. x2
You block the seven-headed hydra's attack.
The seven-headed hydra completely misses you.
The seven-headed hydra bites you but does no damage.
You block the seven-headed hydra's attack.
The seven-headed hydra bites you but does no damage.
You barely miss the seven-headed hydra.
The seven-headed hydra is moderately wounded.
You hit the seven-headed hydra.
The seven-headed hydra is heavily wounded.
The seven-headed hydra bites you but does no damage. x3
The seven-headed hydra bites you!
The seven-headed hydra bites you but does no damage.
The seven-headed hydra barely misses you.
The seven-headed hydra bites you.
You barely miss the seven-headed hydra.
The seven-headed hydra is heavily wounded.
The seven-headed hydra bites you but does no damage.
The seven-headed hydra bites you.
You block the seven-headed hydra's attack.
The seven-headed hydra bites you but does no damage.
The seven-headed hydra barely misses you.
The seven-headed hydra bites you but does no damage. x2
You sock the seven-headed hydra!
The seven-headed hydra is severely wounded.
The seven-headed hydra bites you!
The seven-headed hydra bites you but does no damage.
You block the seven-headed hydra's attack.
The seven-headed hydra bites you.
The seven-headed hydra completely misses you.
The seven-headed hydra barely misses you.
The seven-headed hydra bites you.
You die...

### ##.# # ***** ##* ###.########
*,*.####.#*#####........... *
*,,.......##.##............ **
*,,........##.#P.....<..... ,*
****,,.......#....[...........
,***,**,,.......+.####....:......
,,**,,+,,...^..D@## ##...(.......
,,,,,,*,,.....(..# #............
*,,,**,,,........# ##...........
,,*******.######## #.P...##.###
*** **,** ###%###### * *,,,****
#.<.P# **,,,,,*** ##..## *
****,**,,,** ##..# *
#.#.###P.+.## #P.##


You could see a seven-headed hydra.

Vanquished Creatures
  Gastronok (D:8)
  A two-headed ogre (D:9)
  4 black mambas (Lair:1)
  6 cane toads (Lair:1)
  A komodo dragon (Lair:2)
  A polar bear (Lair:1)
  A wyvern (D:9)
  2 wraiths (D:9)
  11 yaks
  A basilisk (Lair:1)
  A steam dragon (D:9)
  Edmund (D:6)
  2 nagas (Lair:2)
  8 water moccasins
  2 black bears
  An ice beast (D:6)
  A sky beast (D:8)
  An orc warrior (D:7)
  16 wolves (Lair:1)
  5 centaurs
  An ogre (D:6)
  A phantom (D:5)
  10 bullfrogs
  3 scorpions
  3 wights (D:8)
  9 hounds
  4 orc priests
  2 jellies (D:6)
  A gnoll bouda (D:6)
  An iguana (D:4)
  2 orc wizards
  A sleepcap (D:8)
  9 adders
  5 gnolls (D:6)
  A white imp (D:8)
  An ufetubus (D:5)
  3 worms
  19 orcs
  3 ball pythons
  7 endoplasms
  3 giant cockroaches
  10 goblins
  5 hobgoblins
  3 quokkas
  6 bats
  A frilled lizard (D:1)
  12 kobolds
  2 rats (D:3)
195 creatures vanquished.

Notes
Turn   | Place    | Note
-------+----------+-------------------------------------------
     0 | D:1      | qw the Gargoyle Fighter began the quest for the Orb.
     0 | D:1      | Reached XP level 1. HP: 14/14 MP: 1/1
     0 | D:1      | 0 ||| qw: Version: 0.3-a-5-g6f28e65
     0 | D:1      | 0 ||| qw: Game counter: 479
     0 | D:1      | 0 ||| qw: Always use a shield: true
     0 | D:1      | 0 ||| qw: God list: Okawaru
     0 | D:1      | 0 ||| qw: Allow faded altars: false
     0 | D:1      | 0 ||| qw: Do Orc after D:15 true
     0 | D:1      | 0 ||| qw: Do second Lair branch before Depths: true
     0 | D:1      | 0 ||| qw: Lair rune preference: random
     0 | D:1      | 0 ||| qw: Plans: Normal, Zot:1-4, Slime:5, God:TSO, Crypt,
                  | Tomb, Abyss, Pan, Hells, Win
     0 | D:1      | 0 ||| PLANNING D:1-11
    32 | D:1      | 32 ||| Stepping ~*~*~tactically~*~*~ (hiding).
    37 | D:1      | 37 ||| Stepping ~*~*~tactically~*~*~ (hiding).
   170 | D:1      | Reached skill level 2 in Axes
   198 | D:1      | 198 ||| Stepping ~*~*~tactically~*~*~ (stealth).
   206 | D:1      | Reached XP level 2. HP: 16/19 MP: 2/2
   244 | D:1      | 244 ||| Stepping ~*~*~tactically~*~*~ (stealth).
   245 | D:1      | 245 ||| Stepping ~*~*~tactically~*~*~ (stealth).
   265 | D:1      | Found Kuoqaw's Jewellery Boutique.
   274 | D:1      | 274 ||| SHOPLISTING +4 ring of protection (468 gold, have
                  | 33).
   274 | D:1      | 274 ||| SHOPLISTING ring of Bogoc {Contam rPois rF++ rCorr
                  | Slay+2} (687 gold, have 33).
   274 | D:1      | 274 ||| SHOPLISTING ring of fire (325 gold, have 33).
   274 | D:1      | 274 ||| SHOPLISTING ring of protection from cold (325 gold,
                  | have 33).
   274 | D:1      | 274 ||| SHOPLISTING ring of resist corrosion (260 gold,
                  | have 33).
   274 | D:1      | 274 ||| SHOPLISTING ring of the Tortoise {AC+8} (1664 gold,
                  | have 33).
   377 | D:1      | 377 ||| DROPPING +0 club.
   378 | D:1      | 378 ||| Stepping ~*~*~tactically~*~*~ (stealth).
   397 | D:1      | 397 ||| DROPPING +1 whip of distortion.
   451 | D:1      | 451 ||| UPGRADING to +0 chain mail.
   461 | D:1      | 461 ||| DROPPING +0 scale mail.
   462 | D:1      | 462 ||| UPGRADING to +6 ring of dexterity.
   463 | D:1      | 463 ||| UPGRADING to ring of positive energy.
   464 | D:1      | 464 ||| READING scroll labelled LAYDDU ALEBOR.
   469 | D:1      | 469 ||| READING scroll labelled IPUNUDIUPA.
   470 | D:1      | 470 ||| READING scroll labelled QANAYHETAA.
   565 | D:2      | Reached skill level 3 in Axes
   648 | D:2      | Found a blossoming altar of Fedhas.
   660 | D:2      | Reached XP level 3. HP: 22/23 MP: 3/3
  1172 | D:2      | 1172 ||| UPGRADING to +0 pair of gloves.
  1177 | D:2      | 1177 ||| UPGRADING to amulet of the acrobat.
  1182 | D:2      | 1182 ||| READING scroll labelled JIQONO HARAMERR.
  1469 | D:3      | Reached XP level 4. HP: 28/28 MP: 4/4
  1522 | D:3      | 1522 ||| FLEEEEING.
  1523 | D:3      | 1523 ||| FLEEEEING.
  1524 | D:3      | 1524 ||| FLEEEEING.
  1550 | D:3      | 1550 ||| Stepping ~*~*~tactically~*~*~ (stealth).
  1553 | D:3      | 1553 ||| Stepping ~*~*~tactically~*~*~ (stealth).
  1564 | D:3      | Reached skill level 4 in Axes
  1587 | D:3      | Noticed a black bear
  1590 | D:3      | 1590 ||| Stepping ~*~*~tactically~*~*~ (stealth).
  1593 | D:3      | 1593 ||| Stepping ~*~*~tactically~*~*~ (stealth).
  1603 | D:3      | Killed a black bear
  1604 | D:3      | Reached XP level 5. HP: 21/32 MP: 5/5
  1752 | D:3      | 1752 ||| Stepping ~*~*~tactically~*~*~ (hiding).
  1926 | D:3      | 1926 ||| UPGRADING to +0 pair of boots.
  1931 | D:3      | 1931 ||| READING scroll labelled ABAAHUMAEDD.
  1932 | D:3      | 1932 ||| READING scroll labelled KAR GAUCKALUR.
  1933 | D:3      | 1933 ||| READING scroll labelled KANUOR GYSU.
  1952 | D:3      | 1952 ||| READING scroll labelled DIT CUGIUJE.
  1953 | D:3      | 1953 ||| READING 4 scrolls of identify.
  1953 | D:3      | 1953 ||| IDENTIFYING lumpy purple potion
  2023 | D:4      | 2023 ||| Stepping ~*~*~tactically~*~*~ (hiding).
  2025 | D:4      | 2025 ||| Stepping ~*~*~tactically~*~*~ (hiding).
  2026 | D:4      | 2026 ||| Stepping ~*~*~tactically~*~*~ (hiding).
  2039 | D:4      | Reached XP level 6. HP: 21/37 MP: 6/6
  2105 | D:4      | 2105 ||| Stepping ~*~*~tactically~*~*~ (stealth).
  2217 | D:4      | 2217 ||| DROPPING +0 whip.
  2325 | D:4      | 2325 ||| Stepping ~*~*~tactically~*~*~ (stealth).
  2342 | D:4      | Found a staircase to the Ecumenical Temple.
  2343 | D:4      | 2343 ||| PLANNING TEMPLE
  2343 | D:4      | 2343 ||| READING 4 scrolls of identify.
  2343 | D:4      | 2343 ||| IDENTIFYING brown potion
  2344 | D:4      | 2344 ||| READING 3 scrolls of identify.
  2344 | D:4      | 2344 ||| IDENTIFYING amethyst potion
  2353 | Temple   | Entered the Ecumenical Temple
  2391 | Temple   | 2391 ||| PLANNING OKAWARU WORSHIP
  2472 | Temple   | Became a worshipper of Warmaster Okawaru
  2473 | Temple   | 2473 ||| PLANNING D:1-11
  2511 | D:4      | Reached skill level 5 in Axes
  2531 | D:4      | 2531 ||| FLEEEEING.
  2842 | D:4      | 2842 ||| Stepping ~*~*~tactically~*~*~ (hiding).
  2843 | D:4      | 2843 ||| Stepping ~*~*~tactically~*~*~ (hiding).
  2846 | D:4      | 2846 ||| Stepping ~*~*~tactically~*~*~ (hiding).
  3173 | D:4      | You fall into a shaft and drop 2 floors!
  3186 | D:6      | 3186 ||| Stepping ~*~*~tactically~*~*~ (stealth).
  3192 | D:6      | Reached skill level 1 in Throwing
  3205 | D:6      | Reached XP level 7. HP: 18/43 MP: 7/7
  3259 | D:6      | 3259 ||| Stepping ~*~*~tactically~*~*~ (stealth).
  3275 | D:6      | Reached * piety under Okawaru
  3368 | D:6      | 3368 ||| DROPPING +0 flail.
  3376 | D:6      | Reached skill level 1 in Invocations
  3386 | D:6      | 3386 ||| READING 3 scrolls of identify.
  3386 | D:6      | 3386 ||| IDENTIFYING grey potion
  3387 | D:6      | 3387 ||| DROPPING potion of ambrosia.
  3396 | D:5      | Entered Level 5 of the Dungeon
  3398 | D:5      | Found a shadowy altar of Dithmenos.
  3528 | D:5      | Reached skill level 6 in Axes
  3546 | D:5      | 3546 ||| UPGRADING to +0 plate armour.
  3556 | D:5      | 3556 ||| DROPPING +0 chain mail.
  3557 | D:5      | 3557 ||| UPGRADING to +0 helmet.
  3562 | D:5      | 3562 ||| READING scroll labelled ZIMNAAXICA.
  3563 | D:5      | 3563 ||| READING scroll labelled WEARYA DONG.
  3564 | D:5      | 3564 ||| READING 2 scrolls of identify.
  3564 | D:5      | 3564 ||| IDENTIFYING sedimented green potion
  3691 | D:5      | Reached skill level 3 in Invocations
  3733 | D:5      | 3733 ||| Stepping ~*~*~tactically~*~*~ (hiding).
  3734 | D:5      | 3734 ||| Stepping ~*~*~tactically~*~*~ (hiding).
  3740 | D:5      | Reached XP level 8. HP: 46/48 MP: 10/10
  4019 | D:5      | Reached ** piety under Okawaru
  4393 | D:5      | 4393 ||| READING scroll labelled KIRUIKHOCH.
  4443 | D:6      | 4443 ||| INVOKING Heroism.
  4543 | D:6      | Reached skill level 7 in Axes
  4607 | D:6      | 4607 ||| READING scroll of enchant weapon.
  4607 | D:6      | 4607 ||| ENCHANTING +1 war axe of chaos.
  4615 | D:6      | 4615 ||| INVOKING Heroism.
  4636 | D:6      | Noticed Edmund
  4643 | D:6      | 4643 ||| INVOKING Heroism.
  4647 | D:6      | Killed Edmund
  4681 | D:6      | 4681 ||| DROPPING +4 flail.
  4811 | D:6      | 4811 ||| Stepping ~*~*~tactically~*~*~ (stealth).
  4895 | D:6      | 4895 ||| READING scroll labelled YSEODD DAAGRI.
  4895 | D:6      | Identified a scroll of acquirement
  4895 | D:6      | 4895 ||| ACQUIRING 956 gold pieces
  4895 | D:6      | Acquired 956 gold pieces
  4939 | D:7      | 4939 ||| Stepping ~*~*~tactically~*~*~ (stealth).
  4973 | D:7      | 4973 ||| Stepping ~*~*~tactically~*~*~ (stealth).
  4974 | D:7      | 4974 ||| Stepping ~*~*~tactically~*~*~ (stealth).
  4976 | D:7      | 4976 ||| INVOKING Heroism.
  4977 | D:7      | 4977 ||| Stepping ~*~*~tactically~*~*~ (stealth).
  5025 | D:7      | 5025 ||| Stepping ~*~*~tactically~*~*~ (stealth).
  5026 | D:7      | 5026 ||| Stepping ~*~*~tactically~*~*~ (stealth).
  5031 | D:7      | 5031 ||| Stepping ~*~*~tactically~*~*~ (stealth).
  5038 | D:7      | Reached XP level 9. HP: 45/54 MP: 12/12
  5210 | D:7      | 5210 ||| Stepping ~*~*~tactically~*~*~ (stealth).
  5303 | D:7      | Found a broken altar of Ashenzari.
  5384 | D:7      | Found a runed translucent door.
  5385 | D:7      | Noticed Crazy Yiuf
  6040 | D:7      | 6040 ||| Stepping randomly (stuck).
  6160 | D:8      | Reached skill level 8 in Axes
  6194 | D:8      | Found a flagged portal.
  6231 | D:8      | 6231 ||| Stepping ~*~*~tactically~*~*~ (hiding).
  6411 | D:8      | Found Ahocug's Weapon Emporium.
  6420 | D:8      | 6420 ||| BUYING +1 vampiric broad axe (266 gold).
  6420 | D:8      | Bought a +1 vampiric broad axe for 266 gold pieces
  6420 | D:8      | 6420 ||| SWAPPING to +1 vampiric broad axe.
  6457 | D:8      | Identified the ring "Kusoakoh" {rC+ AC+4}
  6479 | D:8      | Noticed Gastronok
  6480 | D:8      | 6480 ||| INVOKING Heroism.
  6492 | D:8      | Killed Gastronok
  6492 | D:8      | Reached *** piety under Okawaru
  6493 | D:8      | Reached skill level 9 in Fighting
  6518 | D:8      | 6518 ||| DROPPING +0 hand axe.
  6600 | D:8      | Found a glowing silver altar of Zin.
  6601 | D:8      | Found a shimmering blue altar of Sif Muna.
  6629 | D:8      | 6629 ||| UPGRADING to ring "Kusoakoh" {rC+ AC+4}.
  6631 | D:8      | 6631 ||| UPGRADING to ring of protection from fire.
  6633 | D:8      | 6633 ||| DROPPING ring of positive energy.
  6634 | D:8      | 6634 ||| READING scroll labelled HAYRIUPREX.
  6635 | D:8      | 6635 ||| READING scroll labelled VONLABR YFAU.
  6636 | D:8      | 6636 ||| READING 3 scrolls of identify.
  6636 | D:8      | 6636 ||| IDENTIFYING bubbling dark potion
  6637 | D:8      | 6637 ||| READING 2 scrolls of identify.
  6637 | D:8      | 6637 ||| IDENTIFYING green potion
  6638 | D:8      | 6638 ||| DROPPING potion of brilliance.
  6718 | D:9      | Reached **** piety under Okawaru
  6719 | D:9      | Reached XP level 10. HP: 66/66 MP: 13/13
  6720 | D:9      | Found Vihurera's Jewellery Shop.
  6723 | D:9      | 6723 ||| Stepping ~*~*~tactically~*~*~ (stealth).
  6738 | D:9      | 6738 ||| INVOKING Heroism.
  6742 | D:9      | Reached skill level 9 in Axes
  6758 | D:9      | 6758 ||| Stepping ~*~*~tactically~*~*~ (stealth).
  6762 | D:9      | 6762 ||| Stepping ~*~*~tactically~*~*~ (hiding).
  6770 | D:9      | 6770 ||| INVOKING Heroism.
  6777 | D:9      | Noticed a two-headed ogre
  6779 | D:9      | Reached skill level 6 in Armour
  6788 | D:9      | Killed a two-headed ogre
  6789 | D:9      | Reached skill level 6 in Invocations
  7061 | D:9      | 7061 ||| BUYING amulet "Morec" {Faith Int+2} (819 gold).
  7061 | D:9      | Bought the amulet "Morec" {Faith Int+2} for 819 gold pieces
  7061 | D:9      | 7061 ||| SHOPLISTING amulet of guardian spirit (480 gold,
                  | have 433).
  7061 | D:9      | 7061 ||| BUYING ring of fire (400 gold).
  7061 | D:9      | Bought a ring of fire for 400 gold pieces
  7061 | D:9      | 7061 ||| SHOPLISTING ring of ice (400 gold, have 33).
  7061 | D:9      | 7061 ||| SHOPLISTING ring of willpower (400 gold, have 33).
  7076 | D:9      | Found a staircase to the Lair.
  7149 | D:9      | 7149 ||| Stepping ~*~*~tactically~*~*~ (hiding).
  7428 | D:9      | 7428 ||| UPGRADING to amulet "Morec" {Faith Int+2}.
  7438 | D:9      | 7438 ||| READING 2 scrolls labelled KUPAXTALYPP.
  7439 | D:9      | 7439 ||| DROPPING scroll of amnesia.
  7456 | D:8      | 7456 ||| PLANNING LAIR
  7496 | Lair:1   | Entered Level 1 of the Lair of Beasts
  7496 | Lair:1   | Noticed a black mamba
  7496 | Lair:1   | Noticed a black mamba
  7497 | Lair:1   | 7497 ||| INVOKING Heroism.
  7502 | Lair:1   | Killed a black mamba
  7504 | Lair:1   | Killed a black mamba
  7504 | Lair:1   | Reached ***** piety under Okawaru
  7546 | Lair:1   | 7546 ||| Stepping ~*~*~tactically~*~*~ (stealth).
  7548 | Lair:1   | 7548 ||| Stepping ~*~*~tactically~*~*~ (stealth).
  7553 | Lair:1   | Noticed a black mamba
  7554 | Lair:1   | 7554 ||| INVOKING Heroism.
  7568 | Lair:1   | Killed a black mamba
  7569 | Lair:1   | Reached skill level 10 in Axes
  7569 | Lair:1   | Reached XP level 11. HP: 36/71 MP: 14/16
  7586 | Lair:1   | 7586 ||| Stepping ~*~*~tactically~*~*~ (stealth).
  7589 | Lair:1   | 7589 ||| FLEEEEING.
  7590 | Lair:1   | 7590 ||| FLEEEEING.
  7592 | Lair:1   | 7592 ||| INVOKING Heroism.
  7630 | Lair:1   | 7630 ||| Stepping ~*~*~tactically~*~*~ (stealth).
  7631 | Lair:1   | 7631 ||| Stepping ~*~*~tactically~*~*~ (stealth).
  7633 | Lair:1   | 7633 ||| Stepping ~*~*~tactically~*~*~ (stealth).
  7786 | Lair:1   | You fall into a shaft and drop 1 floor!
  7795 | Lair:2   | Identified the +2 ring mail of Pragmatism {Int+5} (Okawaru
                  | gifted it to you on level 2 of the Lair of Beasts)
  7795 | Lair:2   | Received a gift from Okawaru
  7822 | Lair:2   | 7822 ||| Stepping ~*~*~tactically~*~*~ (stealth).
  7825 | Lair:2   | 7825 ||| Stepping ~*~*~tactically~*~*~ (stealth).
  7844 | Lair:2   | Reached skill level 9 in Invocations
  7848 | Lair:2   | 7848 ||| DROPPING orb of light.
  7849 | Lair:2   | 7849 ||| READING scroll labelled CYIVVU UHOSHEE.
  7850 | Lair:2   | 7850 ||| READING 3 scrolls of identify.
  7850 | Lair:2   | 7850 ||| IDENTIFYING purple potion
  7920 | Lair:1   | 7920 ||| INVOKING Heroism.
  8008 | Lair:1   | 8008 ||| INVOKING Heroism.
  8082 | Lair:1   | 8082 ||| INVOKING Heroism.
  8131 | Lair:1   | 8131 ||| READING scroll of enchant armour.
  8131 | Lair:1   | 8131 ||| ENCHANTING +0 pair of gloves.
  8145 | Lair:1   | 8145 ||| Stepping ~*~*~tactically~*~*~ (stealth).
  8220 | Lair:1   | 8220 ||| INVOKING Heroism.
  8231 | Lair:1   | Reached skill level 11 in Axes
  8343 | Lair:1   | 8343 ||| INVOKING Heroism.
  8510 | Lair:1   | 8510 ||| READING scroll labelled LOGUFO AMARRUV.
  8511 | Lair:1   | 8511 ||| READING 2 scrolls of identify.
  8511 | Lair:1   | 8511 ||| IDENTIFYING murky blue potion
  8558 | Lair:2   | Found a staircase to the Snake Pit.
  8571 | Lair:2   | 8571 ||| INVOKING Heroism.
  8653 | Lair:2   | 8653 ||| INVOKING Heroism.
  8705 | Lair:2   | Noticed a seven-headed hydra
  8706 | Lair:2   | 8706 ||| INVOKING Heroism.
  8707 | Lair:2   | 8707 ||| SWAPPING to +4 flail of holy wrath.
  8721 | Lair:2   | HP: 7/71 [seven-headed hydra (12)]
  8721 | Lair:2   | HP: 1/71 [seven-headed hydra (6)]
  8721 | Lair:2   | Slain by a seven-headed hydra

Levels and vault maps discovered:
D:1:      dpeg_arrival_rooms_a, layout_rooms, serial_shops,
          nicolae_shop_advertising_works [nicolae_subvault_shop_adworks]
D:2:      layout_basic, basic_altar, minmay_tromino_v4_b
D:3:      layout_rooms, nicolae_underground_beach
D:4:      layout_cave_pods, minmay_temple_entry_ruins
D:5:      layout_basic, mainiacjoe_overflow_concentric_impassable
D:6:      layout_rooms, uniq_edmund
D:7:      layout_rooms, mainiacjoe_overflow_alcove_2, uniq_crazy_yiuf_cottage
D:8:      layout_rooms, nicolae_overflow_hidden_temple, enter_bailey_3,
          serial_shops, nicolae_shop_bloodbath_and_beyond, minivault_10,
          moated_statue, uniq_gastronok
D:9:      layout_basic, due_lair_maze_entry_diamond, serial_shops,
          shop_fountains
Temple:   mainiacjoe_temple_coin_purse
Lair:1:   beast_lair_carwin_large_4, layout_cave_shapes
Lair:2:   layout_roguey, guppyfry_snake_entry_garden, basic_altar,
          hangedman_tree_tricks

Skill      XL: |  1  2  3  4  5  6  7  8  9 10 11 |
---------------+----------------------------------+-----
Axes           | 2 3 4 5 6 7 8 10 11 | 11.0
Dodging        | 2 |  2.4
Throwing       | 1 2 |  2.2
Fighting       | 4 5 9 |  9.1
Invocations    | 3 4 7 10 | 10.0
Armour         | 4 5 6 7 |  7.9
Shields        | 4 5 |  5.0

Action                     |  1- 3 |  4- 6 |  7- 9 | 10-12 || total
---------------------------+-------+-------+-------+-------++-------
  Melee: War axe           |    99 |   134 |   149 |       ||   382
         Broad axe         |       |       |    28 |   250 ||   278
         Flail             |       |       |       |    14 ||    14
  Throw: Javelin           |       |    10 |    15 |    15 ||    40
         Boomerang         |       |       |    39 |    38 ||    77
 Invoke: Heroism           |       |       |     5 |    13 ||    18
    Use: Scroll            |     4 |     7 |    11 |     6 ||    28
 Armour: Scale mail        |    12 |       |       |       ||    12
         Chain mail        |    27 |    75 |    24 |       ||   126
         Plate armour      |       |       |    86 |   235 ||   321
  Dodge: Dodged            |    41 |    40 |    67 |   144 ||   292
  Block: Buckler           |    25 |    37 |    41 |    90 ||   193

Table legend:
 A = Non-vault XP
 B = Vault XP
 C = Vault XP percentage of total XP
 D = Non-vault monster count
 E = Vault monster count
 F = Vault count percentage of total count
                 A         B        C        D         E       F
            +---------+---------+-------+---------+---------+-------
      Total |   13130 |    4826 |  26.9 |     161 |      34 |  17.4
            +---------+---------+-------+---------+---------+-------
        D:1 |      22 |       0 |   0.0 |      16 |       0 |   0.0
        D:2 |      48 |       2 |   4.0 |      10 |       1 |   9.1
        D:3 |     190 |       0 |   0.0 |      20 |       0 |   0.0
        D:4 |     202 |       0 |   0.0 |      21 |       0 |   0.0
        D:5 |     649 |       0 |   0.0 |      12 |       0 |   0.0
        D:6 |     672 |     169 |  20.1 |      21 |       1 |   4.5
        D:7 |     503 |       0 |   0.0 |      12 |       0 |   0.0
        D:8 |     394 |    1458 |  78.7 |       6 |       5 |  45.5
        D:9 |    1926 |    1260 |  39.5 |       8 |      10 |  55.6
     Lair:1 |    6286 |    1620 |  20.5 |      25 |      15 |  37.5
     Lair:2 |    2238 |     317 |  12.4 |      10 |       2 |  16.7
            +---------+---------+-------+---------+---------+-------
